 Dungeon Crawl Stone Soup version 0.18-a0-896-g1c42501 (webtiles) character file.

267 Proton the Shield-Bearer (level 6, -5/49 HPs)
             Began as a Formicid Fighter on Dec 24, 2015.
             Killed by divine providence
             ... invoked by an orc priest
              (13 damage)
             ... on level 4 of the Dungeon.
             The game lasted 00:04:55 (2781 turns).

Proton the Shield-Bearer (Formicid Fighter)         Turns: 2781, Time: 00:04:55

Health: -5/49      AC:  9    Str: 22    XL:     6   Next: 45%
Magic:  6/6        EV:  5    Int: 12    God:
Gold:   114        SH: 15    Dex: 10    Spells: 0 memorised, 5 levels left

rFire  . . .     SeeInvis +     a - +0 long sword
rCold  . . .     Gourm    .     l - +0 chain mail
rNeg   + + .     Faith    .     s - +1 large shield {rN+}
rPois  .         Spirit   .     (helmet unavailable)
rElec  .         Dismiss  .     (no cloak)
rCorr  .         Reflect  .     (no gloves)
SustAt .         Harm     .     (no boots)
MR     .....                    (no amulet)
Stlth  ..........               r - +4 ring of intelligence
                                q - ring of positive energy

@: not resistant to hostile enchantments, extremely unstealthy
A: permanent stasis, dig shafts and tunnels, four strong arms, antennae 3
a: Dig, Shaft Self


You were on level 4 of the Dungeon.
You were not hungry.

You visited 1 branch of the dungeon, and saw 4 of its levels.

You collected 114 gold pieces.

Inventory:

Hand Weapons
 a - a +0 long sword (weapon)
Armour
 l - a +0 chain mail (worn)
 s - a +1 large shield of positive energy (worn)
Jewellery
 q - a ring of positive energy (left hand)
 r - a +4 ring of intelligence (right hand)
Wands
 t - a wand of confusion (10/48)
Scrolls
 b - 2 scrolls of blinking {unknown}
 e - 5 scrolls of remove curse {unknown}
 g - 4 scrolls of identify {unknown}
 i - 2 scrolls of recharging {unknown}
 j - a scroll of teleportation {unknown}
 u - a scroll of enchant weapon {unknown}
Potions
 d - 2 potions of might
 k - 3 potions of magic {unknown}
 o - a potion of degeneration {unknown}
 p - a potion of cancellation {unknown}
Comestibles
 f - 2 bread rations
 h - a fruit
 m - a meat ration
 n - 2 beef jerkies


   Skills:
 + Level 4.3 Fighting
 + Level 3.4 Long Blades
 + Level 4.1 Armour
 + Level 2.4 Dodging
 + Level 4.7 Shields


You had 5 spell levels left.
You didn't know any spells.

Dungeon Overview and Level Annotations

Branches:
Dungeon (4/15)
 Temple: D:4-7

Altars:
Pakellas
Trog

Annotations:
D:2 exclusion: moth of wrath
D:3 ZiggyStardust's ghost, amateur OgWz


Innate Abilities, Weirdness & Mutations

You are under a permanent stasis effect.
You can dig through walls and to a lower floor.
Your four strong arms can wield two-handed weapons with a shield.
You have a pair of large antennae on your head (SInv).


Message History

The orc wizard hits you but does no damage.
The orc hits you but does no damage. x2
You block the orc wizard's attack.
Your shield prevents you from hitting the orc.
The orc is almost dead.
The orc wizard closely misses you. You block the orc's attack.
You block the orc's attack. The orc wizard hits you with a dagger.
You slash the orc!
You kill the orc!
The orc wizard points at you and mumbles some strange words.
The magic dart hits you! The orc hits you but does no damage.
The orc priest mumbles some strange prayers to Beogh against you.
Something smites you!
* * * LOW HITPOINT WARNING * * *
The orc wizard casts a spell.
The orc wizard blinks!
You block the orc's attack.
The orc priest calls down the wrath of Beogh upon you.
Something smites you!
You die...

#########
###########.......###
.........#...###....
......##..(...##o.#
#####.#......###@o# #
#.#.....o....ยง# ###
#.#...#...(...# ..#
#.#####.#######
#.###.# ##'## ......#
#...# #.##### #.....#
#.## #.......#
...####.....<...#


You could see an orc priest, an orc wizard and an orc.

Vanquished Creatures
  Jessica (D:2)
  Natasha (D:2)
  3 worker ants (D:4)
  4 adders (D:3)
  3 gnolls (D:4)
  2 oozes
  5 worms
  2 adder skeletons (D:4)
  2 giant geckos (D:1)
  2 orcs
  8 hobgoblins
  5 jackals (D:2)
  7 kobolds
  A ball python (D:1)
  2 bats
  3 giant cockroaches
  4 giant newts
  4 goblins
  9 rats
68 creatures vanquished.

Notes
Turn   | Place    | Note
--------------------------------------------------------------
     0 | D:1      | Proton the Formicid Fighter began the quest for the Orb.
     0 | D:1      | Reached XP level 1. HP: 18/18 MP: 1/1
   165 | D:1      | Reached XP level 2. HP: 17/24 MP: 2/2
   276 | D:1      | Reached XP level 3. HP: 24/29 MP: 3/3
  1030 | D:2      | Reached skill level 1 in Dodging
  1046 | D:2      | Noticed Jessica
  1051 | D:2      | Killed Jessica
  1051 | D:2      | Reached skill level 4 in Shields
  1051 | D:2      | Reached XP level 4. HP: 25/37 MP: 4/4
  1264 | D:2      | Noticed Natasha
  1273 | D:2      | Killed Natasha
  1510 | D:2      | Noticed a moth of wrath
  1513 | D:2      | Found a bloodstained altar of Trog.
  1548 | D:2      | Reached XP level 5. HP: 34/42 MP: 5/5
  2089 | D:3      | Found a faded altar to an unknown god.
  2161 | D:3      | Noticed ZiggyStardust's ghost (amateur OgWz)
  2350 | D:4      | Reached XP level 6. HP: 44/48 MP: 6/6
  2436 | D:4      | Found an oddly glowing altar of Pakellas.
  2781 | D:4      | Killed from afar by an orc priest

Vault maps used:
D:1:      lightli_arrival_maybe_door_vault
D:2:      tgw_trog, uniq_jessica, uniq_natasha
D:3:      ecumenical_altar_1
D:4:      johnstein_pakellas_death_squad, minmay_temple_entry_glassed_door,
          first_bread, serial_shops, shop

Action                   |  1- 3 |  4- 6 || total
-------------------------+-------+-------++-------
Melee: Long sword        |    93 |   167 ||   260
  Eat: Chunk             |     1 |     5 ||     6
